Maple Leafs vs Blue Jackets
Created - 21 février 2014 at 23:55
Goals
|
| Maple Leafs |
2 |
0 |
1 |
3 |
| Blue Jackets |
2 |
0 |
3 |
5 |
|
Shots
|
| Maple Leafs |
17 |
7 |
9 |
33 |
| Blue Jackets |
16 |
8 |
12 |
36 |
|
1st period
1. Blue Jackets , Marc Savard 35 (David Booth, Pavel Bure) at 2:12 (PP)
2. Blue Jackets , Jan Bulis 22 (Brad Stuart) at 4:07
3. Maple Leafs , Claude Giroux 40 (Robert Nilsson) at 5:44
4. Maple Leafs , Robert Nilsson 25 (Claude Giroux, Marc-André Fleury) at 11:28
Penalties :
Jamal Mayers (Tor) for Hooking (Minor) at 2:00
2nd period
No Goal
Penalties :
Bates Battaglia (Clb) for High sticking (Double Minor) at 9:17, Dion Phaneuf (Tor) for Tripping (Minor) at 15:49
3rd period
5. Blue Jackets , David Booth 28 (Marc Savard) at 0:49 (PP)
6. Maple Leafs , Dustin Penner 16 (Pierre-Marc Bouchard, Byron Bitz) at 15:13 (PP)
7. Blue Jackets , Pavel Bure 25 (David Booth, Marc Savard) at 17:51
8. Blue Jackets , Derek Morris 5 (Branislav Mezei) at 19:40 (Empty Net)
Penalties :
Dustin Penner (Tor) for Hooking (Minor) at 0:09, Jay Harrison (Tor) for Holding (Minor) at 2:24, Jan Bulis (Clb) for Tripping (Minor) at 14:36
Goalie Stats
Marc-André Fleury (Tor), 31 saves from 35 shots - (0,886), L, 19-20-1, 59:52 minutes
Jaroslav Halak (Clb), 30 saves from 33 shots - (0,909), W, 7-8-1, 60:00 minutes
Players Stats for Maple Leafs
Player Name G A P +/- PIM S H SB GA TA FO MP PP MP PK MP
------------------------------------------------------------------------------------
Alexander Frolov 0 0 0 -2 0 3 1 0 1 0 0/0 18:59 2:27 1:40
Andy Hilbert 0 0 0 -1 0 0 4 0 0 0 0/0 11:37 0:00 0:18
Brendan Morrison 0 0 0 -1 0 7 2 0 0 0 8/14 14:13 0:00 0:15
Brett Clark 0 0 0 0 0 0 0 2 0 0 0/0 19:28 1:39 1:52
Byron Bitz 0 1 1 -1 0 4 0 0 0 0 0/0 16:07 2:09 0:00
Claude Giroux 1 1 2 0 0 2 2 2 3 1 1/1 23:03 2:27 2:52
Dion Phaneuf 0 0 0 -1 2 1 1 2 2 1 0/0 27:36 2:32 2:00
Dustin Penner 1 0 1 1 2 3 2 0 0 0 1/1 18:49 2:09 0:00
Jamal Mayers 0 0 0 -1 2 1 1 0 0 0 0/0 11:05 0:00 0:00
Jay Harrison 0 0 0 0 2 0 2 0 0 0 0/0 13:32 0:28 1:03
Lasse Kukkonen 0 0 0 0 0 2 1 0 0 1 0/0 19:28 2:04 1:35
Nils Ekman 0 0 0 1 0 0 0 0 0 0 0/0 7:33 0:00 0:00
Paul Stastny 0 0 0 1 0 1 1 0 0 0 2/2 8:48 0:00 1:02
Pierre-Marc Bouchard 0 1 1 -1 0 4 2 1 1 1 5/13 13:56 2:09 0:41
Robert Nilsson 1 1 2 0 0 3 0 1 0 0 9/29 23:03 2:27 2:52
Steve Ott 0 0 0 1 0 1 2 0 0 0 0/0 7:33 0:00 0:00
Tim Gleason 0 0 0 0 0 1 1 0 0 1 0/0 12:03 0:00 0:05
Tobias Enstrom 0 0 0 -1 0 0 3 1 0 2 0/0 28:13 2:29 3:05
Players Stats for Blue Jackets
Player Name G A P +/- PIM S H SB GA TA FO MP PP MP PK MP
------------------------------------------------------------------------------------
Adam Deadmarsh 0 0 0 -1 0 0 0 0 1 0 0/0 7:06 0:00 0:00
Bates Battaglia 0 0 0 -1 4 2 2 0 0 2 0/1 17:07 0:00 0:00
Blake Wheeler 0 0 0 1 0 2 0 1 1 0 1/1 16:45 2:01 0:00
Brad Stuart 0 1 1 1 0 0 1 2 0 0 0/0 12:49 0:00 0:00
Branislav Mezei 0 1 1 -1 0 0 0 0 1 0 0/0 19:29 2:05 1:39
Chris Kelly 0 0 0 0 0 1 0 0 0 0 4/9 11:41 0:16 0:17
Dave Steckel 0 0 0 -1 0 0 1 0 1 0 0/1 7:06 0:00 0:00
David Booth 1 2 3 1 0 5 1 0 2 2 0/1 21:40 2:43 1:31
Derek Morris 1 0 1 -1 0 1 1 0 0 0 0/0 19:29 2:05 1:39
Greg De Vries 0 0 0 1 0 2 0 0 0 0 0/0 12:49 0:00 0:00
Jan Bulis 1 0 1 1 2 5 1 1 0 0 3/10 18:00 2:01 1:16
Jason Ward 0 0 0 0 0 2 3 1 1 0 0/0 11:02 0:00 0:25
Kevin Bieksa 0 0 0 1 0 1 1 1 0 0 0/0 27:42 2:45 2:57
Ladislav Nagy 0 0 0 0 0 1 0 0 0 0 0/0 1:34 0:16 0:27
Marc Savard 1 2 3 1 0 4 0 0 0 0 21/32 23:24 2:39 2:38
Marcus Nilson 0 0 0 1 0 3 2 1 0 1 1/1 16:45 2:01 0:00
Pavel Bure 1 1 2 1 0 5 3 0 0 0 4/4 23:12 2:33 2:38
Wade Redden 0 0 0 1 0 2 1 0 0 2 0/0 27:42 2:45 2:57
3 Stars
1 - David Booth (Clb)
2 - Marc Savard (Clb)
3 - Pavel Bure (Clb)
Power Play
Maple Leafs - 1 on 3 Attempt(s) - 33,33%
Blue Jackets - 2 on 4 Attempt(s) - 50,00%
Penalty Kill
Maple Leafs - 2 on 4 Attempt(s) - 50,00%
- Score 0 goal in Penalty Kill
Blue Jackets - 2 on 3 Attempt(s) - 66,67%
- Score 0 goal in Penalty Kill
Official
Referees : Dwyer Gord and McCauley Wes
Linesman : Jay Sharrers and Derek Amell
Game Notes
Derek Morris has scored in a empty net!
Finance
Level 1 -- Attendance: 4476 (74,60%) -- Ticket Income 402 840 $
Level 2 -- Attendance: 4082 (81,64%) -- Ticket Income 224 510 $
Level 3 -- Attendance: 1913 (95,65%) -- Ticket Income 57 390 $
Level 4 -- Attendance: 3747 (93,68%) -- Ticket Income 74 940 $
Luxury Box -- Attendance: 759 (75,90%) -- Ticket Income 140 415 $
Game was played at the Ohio State Arena
Total Attendance: 14977 (83,21%)
Total Ticket Income: 900 095 $
Other Income: 135 014 $
Total Income: 1 035 109 $
Maple Leafs
5 vs 5 Forward
Center Left Wing Right Wing Time % Phy DF OF
1 Robert Nilsson Dustin Penner Claude Giroux 40 1 1 3
2 Brendan Morrison Alexander Frolov Byron Bitz 30 1 2 2
3 Pierre-Marc Bouchard Andy Hilbert Jamal Mayers 20 1 2 2
4 Paul Stastny Steve Ott Nils Ekman 10 1 2 2
5 vs 5 Defense
Defense Defense Time % Phy DF OF
1 Dion Phaneuf Tobias Enstrom 40 1 3 1
2 Brett Clark Lasse Kukkonen 30 1 2 2
3 Jay Harrison Tim Gleason 20 1 2 2
4 Dion Phaneuf Tobias Enstrom 10 1 2 2
PowerPlay Forward
Center Left Wing Right Wing Time % Phy DF OF
1 Robert Nilsson Alexander Frolov Claude Giroux 60 0 1 4
2 Pierre-Marc Bouchard Dustin Penner Byron Bitz 40 0 2 3
PowerPlay Defense
Defense Defense Time % Phy DF OF
1 Dion Phaneuf Tobias Enstrom 60 0 2 3
2 Lasse Kukkonen Brett Clark 40 0 2 3
Penalty Kill 4 Players Forward
Center Wing Time % Phy DF OF
1 Robert Nilsson Claude Giroux 60 1 3 1
2 Pierre-Marc Bouchard Alexander Frolov 40 1 3 1
Penalty Kill 4 Players Defense
Defense Defense Time % Phy DF OF
1 Dion Phaneuf Tobias Enstrom 60 1 4 0
2 Lasse Kukkonen Brett Clark 40 1 4 0
Penalty Kill - 3 Players Forward
Forward Time % Phy DF OF
1 Robert Nilsson 60 1 2 0
2 Pierre-Marc Bouchard 40 1 4 0
Penalty Kill - 3 Players Defense
Defense Defense Time % Phy DF OF
1 Dion Phaneuf Tobias Enstrom 60 1 4 0
2 Lasse Kukkonen Brett Clark 40 1 4 0
4 vs 4 Forward
Center Wing Time % Phy DF OF
1 Robert Nilsson Claude Giroux 60 1 2 2
2 Brendan Morrison Alexander Frolov 40 1 2 2
4 vs 4 Defense
Defense Defense Time % Phy DF OF
1 Dion Phaneuf Tobias Enstrom 60 1 2 2
2 Lasse Kukkonen Brett Clark 40 1 2 2
Last Minutes Offensive
Center Left Wing Right Wing Defense Defense
Robert Nilsson Alexander Frolov Claude Giroux Dion Phaneuf Tobias Enstrom
Last Minutes Defensive
Center Left Wing Right Wing Defense Defense
Robert Nilsson Alexander Frolov Claude Giroux Dion Phaneuf Brett Clark
Goaltenders
Starting : Marc-André Fleury
Backup : Viktor Fasth
Extra Forwards
Normal : Alexander Frolov, Dustin Penner, Paul Stastny - PP : Brendan Morrison, Alexander Frolov - PK : Paul Stastny
Extra Defensemen
Normal : Lasse Kukkonen, Dion Phaneuf, Tobias Enstrom - PP : Lasse Kukkonen - PK : Dion Phaneuf, Tobias Enstrom
Penalty Shots
Claude Giroux, Robert Nilsson, Brendan Morrison, Dustin Penner, Alexander Frolov
Blue Jackets
5 vs 5 Forward
Center Left Wing Right Wing Time % Phy DF OF
1 Marc Savard David Booth Pavel Bure 40 1 2 2
2 Jan Bulis Marcus Nilson Blake Wheeler 30 1 2 2
3 Chris Kelly Bates Battaglia Jason Ward 20 1 2 2
4 Dave Steckel Bates Battaglia Adam Deadmarsh 10 1 2 2
5 vs 5 Defense
Defense Defense Time % Phy DF OF
1 Wade Redden Kevin Bieksa 40 1 2 2
2 Branislav Mezei Derek Morris 30 1 2 2
3 Brad Stuart Greg De Vries 20 1 2 2
4 Wade Redden Kevin Bieksa 10 1 2 2
PowerPlay Forward
Center Left Wing Right Wing Time % Phy DF OF
1 Marc Savard David Booth Pavel Bure 60 1 2 2
2 Jan Bulis Marcus Nilson Blake Wheeler 40 1 2 2
PowerPlay Defense
Defense Defense Time % Phy DF OF
1 Wade Redden Kevin Bieksa 60 1 2 2
2 Branislav Mezei Derek Morris 40 1 2 2
Penalty Kill 4 Players Forward
Center Wing Time % Phy DF OF
1 Marc Savard Pavel Bure 60 1 2 2
2 David Booth Jan Bulis 40 1 2 2
Penalty Kill 4 Players Defense
Defense Defense Time % Phy DF OF
1 Wade Redden Kevin Bieksa 60 1 2 2
2 Branislav Mezei Derek Morris 40 1 2 2
Penalty Kill - 3 Players Forward
Forward Time % Phy DF OF
1 Marc Savard 60 1 2 2
2 Pavel Bure 40 1 2 2
Penalty Kill - 3 Players Defense
Defense Defense Time % Phy DF OF
1 Wade Redden Kevin Bieksa 60 1 2 2
2 Branislav Mezei Derek Morris 40 1 2 2
4 vs 4 Forward
Center Wing Time % Phy DF OF
1 Marc Savard Pavel Bure 60 1 2 2
2 David Booth Jan Bulis 40 1 2 2
4 vs 4 Defense
Defense Defense Time % Phy DF OF
1 Wade Redden Kevin Bieksa 60 1 2 2
2 Branislav Mezei Derek Morris 40 1 2 2
Last Minutes Offensive
Center Left Wing Right Wing Defense Defense
Marc Savard David Booth Pavel Bure Wade Redden Kevin Bieksa
Last Minutes Defensive
Center Left Wing Right Wing Defense Defense
Marc Savard David Booth Pavel Bure Wade Redden Kevin Bieksa
Goaltenders
Starting : Jaroslav Halak
Backup : Miika Kiprusoff
Extra Forwards
Normal : Chris Kelly, Ladislav Nagy, Jason Ward - PP : Chris Kelly, Ladislav Nagy - PK : Jason Ward
Extra Defensemen
Normal : Brad Stuart, Greg De Vries, Branislav Mezei - PP : Brad Stuart - PK : Greg De Vries, Branislav Mezei
Penalty Shots
Marc Savard, Pavel Bure, David Booth, Jan Bulis, Chris Kelly
% Time on Ice - Maple Leafs
Lines # - Real PCT - Wanted PCT - Time Play
Normal Forward
1 - 35% - 40% - 17:16
2 - 28% - 30% - 13:58
3 - 22% - 20% - 11:06
4 - 15% - 10% - 7:33
Normal Defense
1 - 41% - 40% - 20:14
2 - 31% - 30% - 15:40
3 - 24% - 20% - 11:49
4 - 4% - 10% - 2:10
PP Forward
1 - 53% - 60% - 2:27
2 - 47% - 40% - 2:09
PP Defense
1 - 65% - 60% - 3:00
2 - 35% - 40% - 1:36
PK Forward
1 - 86% - 60% - 4:09
2 - 14% - 40% - 0:41
PK Defense
1 - 82% - 60% - 3:59
2 - 18% - 40% - 0:51
PK3 Forward
1 - 0% - 60%
2 - 0% - 40%
PK3 Defense
1 - 0% - 60%
2 - 0% - 40%
44 Forward
1 - 0% - 60%
2 - 0% - 40%
44 Defense
1 - 0% - 60%
2 - 0% - 40%
Last Minute Offensive - 0:41
Last Minute Defensive - 0:00
Total
Forward - 60:00
Defense - 60:00
|
% Time on Ice - Blue Jackets
Lines # - Real PCT - Wanted PCT - Time Play
Normal Forward
1 - 35% - 40% - 17:27
2 - 30% - 30% - 14:44
3 - 21% - 20% - 10:37
4 - 14% - 10% - 7:06
Normal Defense
1 - 39% - 40% - 19:36
2 - 30% - 30% - 15:05
3 - 26% - 20% - 12:49
4 - 5% - 10% - 2:24
PP Forward
1 - 58% - 60% - 2:49
2 - 42% - 40% - 2:01
PP Defense
1 - 57% - 60% - 2:45
2 - 43% - 40% - 2:05
PK Forward
1 - 71% - 60% - 3:15
2 - 29% - 40% - 1:21
PK Defense
1 - 64% - 60% - 2:57
2 - 36% - 40% - 1:39
PK3 Forward
1 - 0% - 60%
2 - 0% - 40%
PK3 Defense
1 - 0% - 60%
2 - 0% - 40%
44 Forward
1 - 0% - 60%
2 - 0% - 40%
44 Defense
1 - 0% - 60%
2 - 0% - 40%
Last Minute Offensive - 0:00
Last Minute Defensive - 0:40
Total
Forward - 60:00
Defense - 60:00
|
Play by Play
1st period
0:01 of 1st period - Marc Savard wins face-off versus Robert Nilsson in neutral zone.
0:10 of 1st period - Backhand shot by Marc Savard.
0:10 of 1st period - Shot Misses the Net.
1:31 of 1st period - Wrist shot by Bates Battaglia.
1:31 of 1st period - Stopped by Marc-André Fleury with a rebound.
1:37 of 1st period - Bates Battaglia is hit by Jay Harrison and loses puck.
2:00 of 1st period - Minor Penalty to Jamal Mayers for Hooking.
2:01 of 1st period - Marc Savard wins face-off versus Robert Nilsson in Maple Leafs zone.
2:10 of 1st period - Slapshot by Marc Savard.
2:10 of 1st period - Stopped by Marc-André Fleury with a rebound.
2:12 of 1st period - Snap shot by Marc Savard.
2:12 of 1st period - Goal by Marc Savard - Maple Leafs : 0 - Blue Jackets : 1.
2:13 of 1st period - Marc Savard wins face-off versus Brendan Morrison in neutral zone.
2:24 of 1st period - Slapshot by Tobias Enstrom.
2:24 of 1st period - Deflect By Brendan Morrison.
2:24 of 1st period - Stopped by Jaroslav Halak with a rebound.
2:38 of 1st period - Claude Giroux is hit by Derek Morris and loses puck.
3:03 of 1st period - Snap shot by Steve Ott.
3:03 of 1st period - Stopped by Jaroslav Halak without a rebound.
3:04 of 1st period - Chris Kelly wins face-off versus Brendan Morrison in Blue Jackets zone.
3:29 of 1st period - Claude Giroux is hit by Pavel Bure and loses puck.
4:00 of 1st period - Wrist shot by Jan Bulis.
4:00 of 1st period - Deflect By Blake Wheeler.
4:00 of 1st period - Stopped by Marc-André Fleury without a rebound.
4:01 of 1st period - Brendan Morrison wins face-off versus Jan Bulis in Maple Leafs zone.
4:01 of 1st period - Brendan Morrison is hit by Brad Stuart.
4:07 of 1st period - Wrist shot by Jan Bulis.
4:07 of 1st period - Goal by Jan Bulis - Maple Leafs : 0 - Blue Jackets : 2.
4:08 of 1st period - Robert Nilsson wins face-off versus Marc Savard in neutral zone.
4:34 of 1st period - Brendan Morrison is hit by Bates Battaglia and loses puck.
4:54 of 1st period - Off-side.
4:55 of 1st period - Jan Bulis wins face-off versus Pierre-Marc Bouchard in neutral zone.
4:55 of 1st period - Jan Bulis is hit by Pierre-Marc Bouchard.
5:01 of 1st period - Wrist shot by Jan Bulis.
5:01 of 1st period - Deflect By Blake Wheeler.
5:01 of 1st period - Shot Misses the Net.
5:01 of 1st period - Puck is out of play.
5:02 of 1st period - Jan Bulis wins face-off versus Pierre-Marc Bouchard in Maple Leafs zone.
5:25 of 1st period - Snap shot by Pierre-Marc Bouchard.
5:25 of 1st period - Stopped by Jaroslav Halak with a rebound.
5:27 of 1st period - Snap shot by Jamal Mayers.
5:27 of 1st period - Stopped by Jaroslav Halak without a rebound.
5:28 of 1st period - Pavel Bure wins face-off versus Robert Nilsson in Blue Jackets zone.
5:28 of 1st period - Pavel Bure is hit by Claude Giroux.
5:44 of 1st period - Snap shot by Claude Giroux.
5:44 of 1st period - Goal by Claude Giroux - Maple Leafs : 1 - Blue Jackets : 2.
5:45 of 1st period - Robert Nilsson wins face-off versus Chris Kelly in neutral zone.
6:19 of 1st period - Snap shot by David Booth.
6:19 of 1st period - Stopped by Marc-André Fleury with a rebound.
6:21 of 1st period - Snap shot by Marc Savard.
6:21 of 1st period - Stopped by Marc-André Fleury without a rebound.
6:22 of 1st period - Paul Stastny wins face-off versus Jan Bulis in Maple Leafs zone.
6:37 of 1st period - Slapshot by Steve Ott.
6:37 of 1st period - Shot Blocked by Blake Wheeler.
7:14 of 1st period - Wrist shot by Alexander Frolov.
7:14 of 1st period - Stopped by Jaroslav Halak with a rebound.
7:16 of 1st period - Wrist shot by Byron Bitz.
7:16 of 1st period - Stopped by Jaroslav Halak without a rebound.
7:17 of 1st period - Brendan Morrison wins face-off versus Dave Steckel in Blue Jackets zone.
7:48 of 1st period - Wrist shot by Brendan Morrison.
7:48 of 1st period - Stopped by Jaroslav Halak with a rebound.
7:54 of 1st period - Claude Giroux is hit by Pavel Bure and loses puck.
8:11 of 1st period - Snap shot by Pierre-Marc Bouchard.
8:11 of 1st period - Shot Blocked by Marcus Nilson.
8:13 of 1st period - Snap shot by Lasse Kukkonen.
8:13 of 1st period - Shot Misses the Net.
8:15 of 1st period - Snap shot by Brett Clark.
8:15 of 1st period - Shot Misses the Net.
8:17 of 1st period - Snap shot by Pierre-Marc Bouchard.
8:17 of 1st period - Stopped by Jaroslav Halak without a rebound.
8:18 of 1st period - Marc Savard wins face-off versus Robert Nilsson in Blue Jackets zone.
8:27 of 1st period - Wrist shot by David Booth.
8:27 of 1st period - Stopped by Marc-André Fleury with a rebound.
9:54 of 1st period - Snap shot by Blake Wheeler.
9:54 of 1st period - Deflect By Jan Bulis.
9:54 of 1st period - Stopped by Marc-André Fleury with a rebound.
9:56 of 1st period - Snap shot by Blake Wheeler.
9:56 of 1st period - Shot Misses the Net.
9:58 of 1st period - Slapshot by Wade Redden.
9:58 of 1st period - Shot Misses the Net.
10:30 of 1st period - Wrist shot by Alexander Frolov.
10:30 of 1st period - Stopped by Jaroslav Halak with a rebound.
10:32 of 1st period - Snap shot by Lasse Kukkonen.
10:32 of 1st period - Stopped by Jaroslav Halak with a rebound.
10:34 of 1st period - Snap shot by Byron Bitz.
10:34 of 1st period - Shot Misses the Net.
10:36 of 1st period - Slapshot by Lasse Kukkonen.
10:36 of 1st period - Stopped by Jaroslav Halak with a rebound.
10:38 of 1st period - Slapshot by Brett Clark.
10:38 of 1st period - Shot Blocked by Brad Stuart.
10:40 of 1st period - Wrist shot by Byron Bitz.
10:40 of 1st period - Stopped by Jaroslav Halak with a rebound.
10:50 of 1st period - Wrist shot by Marcus Nilson.
10:50 of 1st period - Shot Misses the Net.
11:12 of 1st period - Pavel Bure is hit by Claude Giroux.
11:28 of 1st period - Snap shot by Robert Nilsson.
11:28 of 1st period - Goal by Robert Nilsson - Maple Leafs : 2 - Blue Jackets : 2.
11:29 of 1st period - Marc Savard wins face-off versus Robert Nilsson in neutral zone.
12:22 of 1st period - Snap shot by Marcus Nilson.
12:22 of 1st period - Shot Misses the Net.
12:24 of 1st period - Wrist shot by Marcus Nilson.
12:24 of 1st period - Stopped by Marc-André Fleury with a rebound.
12:26 of 1st period - Snap shot by Jan Bulis.
12:26 of 1st period - Stopped by Marc-André Fleury without a rebound.
12:27 of 1st period - Marc Savard wins face-off versus Robert Nilsson in Maple Leafs zone.
12:33 of 1st period - Slapshot by Pavel Bure.
12:33 of 1st period - Stopped by Marc-André Fleury with a rebound.
12:53 of 1st period - Jan Bulis is hit by Brendan Morrison and loses puck.
13:12 of 1st period - Chris Kelly is hit by Jamal Mayers and loses puck.
13:45 of 1st period - Brad Stuart is hit by Tim Gleason and loses puck.
15:16 of 1st period - Icing by Derek Morris.
15:17 of 1st period - Dustin Penner wins face-off versus Chris Kelly in Blue Jackets zone.
15:26 of 1st period - Slapshot by Dustin Penner.
15:26 of 1st period - Stopped by Jaroslav Halak with a rebound.
15:28 of 1st period - Wrist shot by Claude Giroux.
15:28 of 1st period - Shot Misses the Net.
17:11 of 1st period - Wrist shot by Brendan Morrison.
17:11 of 1st period - Stopped by Jaroslav Halak without a rebound.
17:12 of 1st period - Marcus Nilson wins face-off versus Robert Nilsson in Blue Jackets zone.
17:23 of 1st period - Backhand shot by Blake Wheeler.
17:23 of 1st period - Shot Blocked by Brett Clark.
17:39 of 1st period - Lasse Kukkonen is hit by Kevin Bieksa and loses puck.
17:44 of 1st period - Snap shot by Jason Ward.
17:44 of 1st period - Stopped by Marc-André Fleury with a rebound.
18:00 of 1st period - Wrist shot by Pavel Bure.
18:00 of 1st period - Stopped by Marc-André Fleury with a rebound.
18:30 of 1st period - Snap shot by Marcus Nilson.
18:30 of 1st period - Stopped by Marc-André Fleury with a rebound.
18:32 of 1st period - Snap shot by Marcus Nilson.
18:32 of 1st period - Shot Blocked by Dion Phaneuf.
18:34 of 1st period - Slapshot by Derek Morris.
18:34 of 1st period - Shot Misses the Net.
18:36 of 1st period - Snap shot by Marcus Nilson.
18:36 of 1st period - Stopped by Marc-André Fleury with a rebound.
18:56 of 1st period - Wrist shot by Robert Nilsson.
18:56 of 1st period - Deflect By Brad Stuart.
18:56 of 1st period - Shot Misses the Net.
18:56 of 1st period - Puck is out of play.
18:57 of 1st period - Pavel Bure wins face-off versus Robert Nilsson in Blue Jackets zone.
19:11 of 1st period - Icing by Jay Harrison.
19:12 of 1st period - Blake Wheeler wins face-off versus Robert Nilsson in Maple Leafs zone.
19:57 of 1st period - Snap shot by Claude Giroux.
19:57 of 1st period - Deflect By Robert Nilsson.
19:57 of 1st period - Stopped by Jaroslav Halak with a rebound.
19:59 of 1st period - Slapshot by Dustin Penner.
19:59 of 1st period - Shot Misses the Net.
Goals for this period are 2 for Maple Leafs vs 2 for Blue Jackets.
Shots for this period are 17 for Maple Leafs vs 16 for Blue Jackets.
2nd period
0:01 of 2nd period - Marc Savard wins face-off versus Brendan Morrison in neutral zone.
0:12 of 2nd period - Slapshot by Wade Redden.
0:12 of 2nd period - Deflect By Tobias Enstrom.
0:12 of 2nd period - Stopped by Marc-André Fleury without a rebound.
0:13 of 2nd period - Brendan Morrison wins face-off versus Marc Savard in Maple Leafs zone.
0:38 of 2nd period - Robert Nilsson is hit by Jason Ward and loses puck.
1:29 of 2nd period - Derek Morris is hit by Steve Ott and loses puck.
2:22 of 2nd period - Greg De Vries is hit by Tobias Enstrom and loses puck.
4:13 of 2nd period - Slapshot by Chris Kelly.
4:13 of 2nd period - Stopped by Marc-André Fleury with a rebound.
4:15 of 2nd period - Slapshot by Kevin Bieksa.
4:15 of 2nd period - Stopped by Marc-André Fleury without a rebound.
4:16 of 2nd period - Robert Nilsson wins face-off versus Marc Savard in Maple Leafs zone.
4:46 of 2nd period - Snap shot by Byron Bitz.
4:46 of 2nd period - Deflect By Brendan Morrison.
4:46 of 2nd period - Stopped by Jaroslav Halak with a rebound.
4:48 of 2nd period - Snap shot by Byron Bitz.
4:48 of 2nd period - Shot Misses the Net.
4:50 of 2nd period - Wrist shot by Brendan Morrison.
4:50 of 2nd period - Stopped by Jaroslav Halak with a rebound.
4:52 of 2nd period - Backhand shot by Brendan Morrison.
4:52 of 2nd period - Shot Misses the Net.
4:54 of 2nd period - Slapshot by Byron Bitz.
4:54 of 2nd period - Shot Misses the Net.
5:14 of 2nd period - Snap shot by Jason Ward.
5:14 of 2nd period - Shot Blocked by Pierre-Marc Bouchard.
5:59 of 2nd period - Snap shot by Brendan Morrison.
5:59 of 2nd period - Stopped by Jaroslav Halak with a rebound.
6:01 of 2nd period - Snap shot by Alexander Frolov.
6:01 of 2nd period - Stopped by Jaroslav Halak without a rebound.
6:02 of 2nd period - Brendan Morrison wins face-off versus David Booth in Blue Jackets zone.
6:05 of 2nd period - Snap shot by Byron Bitz.
6:05 of 2nd period - Shot Blocked by Brad Stuart.
6:27 of 2nd period - Alexander Frolov is hit by Jason Ward and loses puck.
6:35 of 2nd period - Off-side.
6:36 of 2nd period - Marc Savard wins face-off versus Robert Nilsson in neutral zone.
6:41 of 2nd period - Wrist shot by David Booth.
6:41 of 2nd period - Shot Hit the Post.
6:43 of 2nd period - Wrist shot by Marc Savard.
6:43 of 2nd period - Shot Blocked by Claude Giroux.
7:29 of 2nd period - Wrist shot by Steve Ott.
7:29 of 2nd period - Shot Blocked by Jason Ward.
8:27 of 2nd period - Snap shot by Pierre-Marc Bouchard.
8:27 of 2nd period - Shot Hit the Post.
8:41 of 2nd period - Snap shot by David Booth.
8:41 of 2nd period - Stopped by Marc-André Fleury with a rebound.
8:43 of 2nd period - Backhand shot by Brad Stuart.
8:43 of 2nd period - Shot Blocked by Dion Phaneuf.
8:45 of 2nd period - Slapshot by Greg De Vries.
8:45 of 2nd period - Stopped by Marc-André Fleury with a rebound.
8:55 of 2nd period - Slapshot by Dion Phaneuf.
8:55 of 2nd period - Stopped by Jaroslav Halak with a rebound.
9:17 of 2nd period - Double Minor Penalty to Bates Battaglia for High sticking.
9:18 of 2nd period - Marc Savard wins face-off versus Robert Nilsson in Blue Jackets zone.
9:45 of 2nd period - Marc Savard is hit by Pierre-Marc Bouchard and loses puck.
10:14 of 2nd period - Backhand shot by Jan Bulis.
10:14 of 2nd period - Stopped by Marc-André Fleury with a rebound.
10:16 of 2nd period - Slapshot by Wade Redden.
10:16 of 2nd period - Shot Blocked by Claude Giroux.
10:20 of 2nd period - Slapshot by David Booth.
10:20 of 2nd period - Stopped by Marc-André Fleury without a rebound.
10:21 of 2nd period - Marc Savard wins face-off versus Pierre-Marc Bouchard in Maple Leafs zone.
10:30 of 2nd period - Wade Redden is hit by Dion Phaneuf and loses puck.
10:37 of 2nd period - Slapshot by Byron Bitz.
10:37 of 2nd period - Stopped by Jaroslav Halak with a rebound.
10:53 of 2nd period - Claude Giroux is hit by Jan Bulis and loses puck.
11:47 of 2nd period - Wrist shot by Ladislav Nagy.
11:47 of 2nd period - Stopped by Marc-André Fleury without a rebound.
11:48 of 2nd period - Robert Nilsson wins face-off versus Chris Kelly in Maple Leafs zone.
11:56 of 2nd period - Icing by Lasse Kukkonen.
11:57 of 2nd period - Marc Savard wins face-off versus Robert Nilsson in Maple Leafs zone.
12:21 of 2nd period - Icing by Dion Phaneuf.
12:22 of 2nd period - Pierre-Marc Bouchard wins face-off versus Marc Savard in Maple Leafs zone.
13:17 of 2nd period - Penalty to Bates Battaglia is over, Bates Battaglia is back on ice.
13:41 of 2nd period - Slapshot by Paul Stastny.
13:41 of 2nd period - Stopped by Jaroslav Halak with a rebound.
13:43 of 2nd period - Slapshot by Lasse Kukkonen.
13:43 of 2nd period - Shot Misses the Net.
14:15 of 2nd period - Snap shot by Nils Ekman.
14:15 of 2nd period - Shot Blocked by Jan Bulis.
14:34 of 2nd period - Branislav Mezei is hit by Dustin Penner and loses puck.
15:49 of 2nd period - Minor Penalty to Dion Phaneuf for Tripping.
15:50 of 2nd period - Robert Nilsson wins face-off versus Jan Bulis in Maple Leafs zone.
17:49 of 2nd period - Penalty to Dion Phaneuf is over, Dion Phaneuf is back on ice.
18:03 of 2nd period - Wade Redden is hit by Andy Hilbert and loses puck.
18:26 of 2nd period - Jason Ward is hit by Paul Stastny and loses puck.
Goals for this period are 0 for Maple Leafs vs 0 for Blue Jackets.
Shots for this period are 7 for Maple Leafs vs 8 for Blue Jackets.
3rd period
0:01 of 3rd period - Robert Nilsson wins face-off versus Marc Savard in neutral zone.
0:09 of 3rd period - Minor Penalty to Dustin Penner for Hooking.
0:10 of 3rd period - Marc Savard wins face-off versus Robert Nilsson in Maple Leafs zone.
0:10 of 3rd period - Snap shot by Pavel Bure.
0:10 of 3rd period - Stopped by Marc-André Fleury with a rebound.
0:36 of 3rd period - Dion Phaneuf is hit by Marcus Nilson and loses puck.
0:45 of 3rd period - Snap shot by Jan Bulis.
0:45 of 3rd period - Shot Blocked by Tobias Enstrom.
0:47 of 3rd period - Slapshot by Branislav Mezei.
0:47 of 3rd period - Deflect By Blake Wheeler.
0:47 of 3rd period - Shot Misses the Net.
0:47 of 3rd period - Puck is out of play.
0:48 of 3rd period - Marc Savard wins face-off versus Robert Nilsson in Maple Leafs zone.
0:49 of 3rd period - Wrist shot by David Booth.
0:49 of 3rd period - Goal by David Booth - Maple Leafs : 2 - Blue Jackets : 3.
0:50 of 3rd period - Marc Savard wins face-off versus Robert Nilsson in neutral zone.
0:53 of 3rd period - Wrist shot by Marc Savard.
0:53 of 3rd period - Stopped by Marc-André Fleury without a rebound.
0:54 of 3rd period - Marc Savard wins face-off versus Robert Nilsson in Maple Leafs zone.
1:19 of 3rd period - Dion Phaneuf is hit by Bates Battaglia and loses puck.
1:49 of 3rd period - Wrist shot by Robert Nilsson.
1:49 of 3rd period - Shot Misses the Net.
1:52 of 3rd period - Icing by Kevin Bieksa.
1:53 of 3rd period - Brendan Morrison wins face-off versus Jan Bulis in Blue Jackets zone.
2:18 of 3rd period - Snap shot by Marcus Nilson.
2:18 of 3rd period - Deflect By Jan Bulis.
2:18 of 3rd period - Stopped by Marc-André Fleury with a rebound.
2:20 of 3rd period - Snap shot by Wade Redden.
2:20 of 3rd period - Deflect By Blake Wheeler.
2:20 of 3rd period - Shot Blocked by Brett Clark.
2:20 of 3rd period - Puck is out of play.
2:21 of 3rd period - Pierre-Marc Bouchard wins face-off versus Marc Savard in Maple Leafs zone.
2:21 of 3rd period - Pierre-Marc Bouchard is hit by David Booth.
2:24 of 3rd period - Minor Penalty to Jay Harrison for Holding.
2:25 of 3rd period - Marc Savard wins face-off versus Robert Nilsson in Maple Leafs zone.
2:25 of 3rd period - Snap shot by Pavel Bure.
2:25 of 3rd period - Shot Misses the Net.
2:27 of 3rd period - Slapshot by Derek Morris.
2:27 of 3rd period - Deflect By Marc Savard.
2:27 of 3rd period - Shot Misses the Net.
2:27 of 3rd period - Puck is out of play.
2:28 of 3rd period - Pavel Bure wins face-off versus Robert Nilsson in Maple Leafs zone.
4:24 of 3rd period - Penalty to Jay Harrison is over, Jay Harrison is back on ice.
5:26 of 3rd period - Brad Stuart is hit by Jay Harrison and loses puck.
5:49 of 3rd period - Wade Redden is hit by Tobias Enstrom and loses puck.
6:08 of 3rd period - Icing by Wade Redden.
6:09 of 3rd period - Paul Stastny wins face-off versus Bates Battaglia in Blue Jackets zone.
6:22 of 3rd period - Steve Ott is hit by Dave Steckel and loses puck.
6:39 of 3rd period - Snap shot by Dustin Penner.
6:39 of 3rd period - Shot Misses the Net.
6:58 of 3rd period - Off-side.
6:59 of 3rd period - Jan Bulis wins face-off versus Brendan Morrison in neutral zone.
7:24 of 3rd period - Dion Phaneuf is hit by Pavel Bure and loses puck.
7:49 of 3rd period - Branislav Mezei is hit by Andy Hilbert and loses puck.
8:10 of 3rd period - Marcus Nilson is hit by Steve Ott and loses puck.
8:23 of 3rd period - Snap shot by Brendan Morrison.
8:23 of 3rd period - Stopped by Jaroslav Halak without a rebound.
8:24 of 3rd period - Pavel Bure wins face-off versus Brendan Morrison in Blue Jackets zone.
8:28 of 3rd period - Off-side.
8:29 of 3rd period - Marc Savard wins face-off versus Robert Nilsson in neutral zone.
9:02 of 3rd period - Wade Redden is hit by Tobias Enstrom and loses puck.
10:04 of 3rd period - Snap shot by Claude Giroux.
10:04 of 3rd period - Stopped by Jaroslav Halak without a rebound.
10:05 of 3rd period - Brendan Morrison wins face-off versus Jan Bulis in Blue Jackets zone.
10:32 of 3rd period - Robert Nilsson is hit by Jason Ward and loses puck.
10:41 of 3rd period - Snap shot by Bates Battaglia.
10:41 of 3rd period - Stopped by Marc-André Fleury with a rebound.
10:43 of 3rd period - Snap shot by Bates Battaglia.
10:43 of 3rd period - Shot Blocked by Robert Nilsson.
11:07 of 3rd period - Brad Stuart is hit by Andy Hilbert and loses puck.
11:20 of 3rd period - Brad Stuart is hit by Brendan Morrison.
11:29 of 3rd period - Off-side.
11:30 of 3rd period - Claude Giroux wins face-off versus Marc Savard in neutral zone.
11:48 of 3rd period - Marc Savard is hit by Dustin Penner and loses puck.
12:07 of 3rd period - Wrist shot by Blake Wheeler.
12:07 of 3rd period - Stopped by Marc-André Fleury without a rebound.
12:08 of 3rd period - Pierre-Marc Bouchard wins face-off versus Jan Bulis in Maple Leafs zone.
12:54 of 3rd period - Icing by Wade Redden.
12:55 of 3rd period - Marc Savard wins face-off versus Brendan Morrison in Blue Jackets zone.
13:04 of 3rd period - Marcus Nilson is hit by Lasse Kukkonen and loses puck.
13:25 of 3rd period - Snap shot by Jason Ward.
13:25 of 3rd period - Stopped by Marc-André Fleury without a rebound.
13:26 of 3rd period - Robert Nilsson wins face-off versus Chris Kelly in Maple Leafs zone.
13:37 of 3rd period - Slapshot by Tobias Enstrom.
13:37 of 3rd period - Shot Misses the Net.
13:53 of 3rd period - Snap shot by Robert Nilsson.
13:53 of 3rd period - Deflect By Derek Morris.
13:53 of 3rd period - Shot Misses the Net.
13:53 of 3rd period - Puck is out of play.
13:54 of 3rd period - Brendan Morrison wins face-off versus Marc Savard in Blue Jackets zone.
13:57 of 3rd period - Wrist shot by Byron Bitz.
13:57 of 3rd period - Stopped by Jaroslav Halak with a rebound.
14:03 of 3rd period - Snap shot by Byron Bitz.
14:03 of 3rd period - Shot Misses the Net.
14:05 of 3rd period - Slapshot by Tim Gleason.
14:05 of 3rd period - Stopped by Jaroslav Halak without a rebound.
14:06 of 3rd period - Robert Nilsson wins face-off versus Marc Savard in Blue Jackets zone.
14:09 of 3rd period - Backhand shot by Robert Nilsson.
14:09 of 3rd period - Stopped by Jaroslav Halak with a rebound.
14:11 of 3rd period - Wrist shot by Claude Giroux.
14:11 of 3rd period - Shot Misses the Net.
14:21 of 3rd period - Wrist shot by Robert Nilsson.
14:21 of 3rd period - Shot Blocked by Kevin Bieksa.
14:23 of 3rd period - Backhand shot by Dustin Penner.
14:23 of 3rd period - Stopped by Jaroslav Halak without a rebound.
14:24 of 3rd period - Brendan Morrison wins face-off versus Jan Bulis in Blue Jackets zone.
14:36 of 3rd period - Minor Penalty to Jan Bulis for Tripping.
14:37 of 3rd period - Marc Savard wins face-off versus Robert Nilsson in Blue Jackets zone.
15:13 of 3rd period - Snap shot by Pierre-Marc Bouchard.
15:13 of 3rd period - Deflect By Dustin Penner.
15:13 of 3rd period - Goal by Dustin Penner - Maple Leafs : 3 - Blue Jackets : 3.
15:14 of 3rd period - Chris Kelly wins face-off versus Pierre-Marc Bouchard in neutral zone.
16:10 of 3rd period - Robert Nilsson is hit by Marcus Nilson and loses puck.
16:57 of 3rd period - Dave Steckel is hit by Alexander Frolov and loses puck.
17:36 of 3rd period - Snap shot by Adam Deadmarsh.
17:36 of 3rd period - Shot Misses the Net.
17:38 of 3rd period - Slapshot by Greg De Vries.
17:38 of 3rd period - Stopped by Marc-André Fleury without a rebound.
17:39 of 3rd period - Pierre-Marc Bouchard wins face-off versus Marc Savard in Maple Leafs zone.
17:39 of 3rd period - Pierre-Marc Bouchard is hit by Wade Redden.
17:49 of 3rd period - Snap shot by Pavel Bure.
17:49 of 3rd period - Stopped by Marc-André Fleury with a rebound.
17:51 of 3rd period - Backhand shot by David Booth.
17:51 of 3rd period - Deflect By Pavel Bure.
17:51 of 3rd period - Goal by Pavel Bure - Maple Leafs : 3 - Blue Jackets : 4.
17:52 of 3rd period - Marc Savard wins face-off versus Pierre-Marc Bouchard in neutral zone.
17:59 of 3rd period - Snap shot by Pierre-Marc Bouchard.
17:59 of 3rd period - Stopped by Jaroslav Halak without a rebound.
18:00 of 3rd period - Marc Savard wins face-off versus Pierre-Marc Bouchard in Blue Jackets zone.
18:56 of 3rd period - Wrist shot by Alexander Frolov.
18:56 of 3rd period - Shot Misses the Net.
19:30 of 3rd period - Icing by Branislav Mezei.
19:31 of 3rd period - Robert Nilsson wins face-off versus Marc Savard in Blue Jackets zone.
19:32 of 3rd period - Maple Leafs, Marc-André Fleury is pulled from the net.
19:40 of 3rd period - Wrist shot by Derek Morris.
19:40 of 3rd period - Goal by Derek Morris - Maple Leafs : 3 - Blue Jackets : 5.
19:40 of 3rd period - Marc-André Fleury from Maple Leafs was sent back in the game.
19:41 of 3rd period - Chris Kelly wins face-off versus Pierre-Marc Bouchard in neutral zone.
19:46 of 3rd period - Slapshot by Wade Redden.
19:46 of 3rd period - Deflect By Jamal Mayers.
19:46 of 3rd period - Stopped by Marc-André Fleury without a rebound.
19:47 of 3rd period - Pierre-Marc Bouchard wins face-off versus Chris Kelly in Maple Leafs zone.
19:56 of 3rd period - Snap shot by Pierre-Marc Bouchard.
19:56 of 3rd period - Stopped by Jaroslav Halak without a rebound.
19:57 of 3rd period - Chris Kelly wins face-off versus Pierre-Marc Bouchard in Blue Jackets zone.
19:57 of 3rd period - Chris Kelly is hit by Andy Hilbert.
Goals for this period are 1 for Maple Leafs vs 3 for Blue Jackets.
Shots for this period are 9 for Maple Leafs vs 12 for Blue Jackets.
Output by the SimonT Hockey Simulator (STHS) for François Prévost -- Original Page W3C XHTML 1.0 Valid